 Dungeon Crawl Stone Soup version 0.31-a0-455-g1a7b003ef0 (webtiles) character file.

Game seed: 18115518760326195443

32755 lunkers the Black Belt (level 14, -12/125 HPs)
             Began as a Meteoran Shapeshifter on Aug 3, 2023.
             Was a High Priest of Okawaru.
             Mangled by a merfolk
             ... wielding a +0 trident
              (23 damage)
             ... on level 1 of the Shoals.
             The game lasted 00:30:26 (6264 turns).

lunkers the Black Belt (Meteoran Shapeshifter)      Turns: 6264, Time: 00:30:27

Health: -12/125    AC:  6    Str: 25    XL:     14   Next: 37%
Magic:  21/21      EV: 23    Int:  5    God:    Okawaru [*****.]
Gold:   1100       SH:  5    Dex: 25    Spells: 13/13 levels left

rFire   . .          .
                       - Unarmed
rCold   . . .        (no shield)
rNeg    . . .        H - +0 acid dragon scales
rPois   +            (helmet currently unavailable)
rElec   .            (cloak currently unavailable)
rCorr   +            (gloves currently unavailable)
SInv    .            (boots currently unavailable)
Will    +....        h - amulet of reflection
Stlth   +            d - ring of the Mutiny {rPois rCorr Str+6 Int-4}
HPRegen 0.40/turn    b - +6 ring of dexterity
MPRegen 0.17/turn

%: reflection
@: lethally poisoned (-12 -> -18), beast-form, glowing, studying Maces & Flails
A: beast (slay +6), sense surroundings 2, otherworldly, glowing, explore regen
a: Begin Untransformation, Renounce Religion, Heroism, Finesse, Duel


You were on level 1 of the Shoals.
You worshipped Okawaru.
Okawaru was extremely pleased with you.
You were a hulking beast.
You visited 4 branches of the dungeon, and saw 17 of its levels.
You also visited: Ossuary.

You collected 1100 gold pieces.

Inventory:

Armour
 a - the +2 pair of gloves "Iziytox" {Int+3}
   (Okawaru gifted it to you on level 2 of the Lair of Beasts)

   Int:       It affects your intelligence (+3).
 f - a +2 helmet
 H - +0 acid dragon scales (worn)
 I - a +0 pair of boots
Jewellery
 b - a +6 ring of dexterity (right hand)
 d - the ring of the Mutiny (left hand) {rPois rCorr Str+6 Int-4}
   (You found it on level 5 of the Dungeon)

   [ring of strength]

   Str:       It affects your strength (+6).
   Int:       It affects your intelligence (-4).
   rPois:     It protects you from poison.
   rCorr:     It protects you from acid and corrosion.
 h - an amulet of reflection (around neck)
 q - an amulet of magic regeneration
 w - an amulet of regeneration
 F - a ring of fire
 G - a +6 ring of intelligence
Talismans
 c - a beast talisman (active)
Wands
 i - a wand of light (3)
 k - a wand of paralysis (13)
 s - a wand of flame (11)
 K - a wand of roots (3)
Scrolls
 p - 3 scrolls of immolation
 r - a scroll of poison
 y - a scroll of teleportation
 L - a scroll of fear
Potions
 e - 2 potions of resistance
 g - 2 potions of mutation {unknown}
 j - 7 potions of brilliance
 l - 3 potions of ambrosia
 m - 2 potions of magic {unknown}
 o - 2 potions of heal wounds
 t - a potion of might {unknown}
 u - 2 potions of degeneration {unknown}
 v - a potion of cancellation {unknown}
 z - a potion of experience {unknown}
 A - 4 potions of enlightenment
 B - 2 potions of curing {unknown}
 C - 2 potions of haste {unknown}
 D - a potion of invisibility {unknown}
 E - a potion of attraction {unknown}
 J - a potion of berserk rage {unknown}


   Skills:
 + Level 11.8 Fighting
 + Level 12.9 Dodging
 + Level 16.8 Unarmed Combat
 - Level 9.0 Invocations
 - Level 9.0 Shapeshifting


You had 13 spell levels left.
You didn't know any spells.
Your spell library contained the following spells:

 Spells                   Type           Power      Damage    Failure   Level
 Sting                    Tmut/Pois      0%         1d3       54%         1
 Poisonous Vapours        Pois/Air       0%         N/A       69%         2
 Hailstorm                Conj/Ice       0%         3d3       89%         3
 Olgreb's Toxic Radiance  Pois           0%         N/A       100%        4
 Iskenderun's Battlesphe  Conj           0%         2d6       100%        5
 Leda's Unmaking          Conj/Erth      0%         9d1       100%        6
 Summon Small Mammal      Summ           Unusable   N/A       N/A         1
 Call Canine Familiar     Summ           Unusable   N/A       N/A         3
 Summon Guardian Golem    Hex/Summ       Unusable   N/A       N/A         3
 Summon Ice Beast         Ice/Summ       Unusable   N/A       N/A         4
 Simulacrum               Ice/Necr       Unusable   N/A       N/A         6
 Spellforged Servitor     Conj/Summ      Unusable   N/A       N/A         7

Dungeon Overview and Level Annotations

Branches:
Dungeon (10/15) Zot: 1787  Temple (1/1) D:5 Zot: 519    Lair (5/5) D:10 Zot: 1467
 Shoals (1/4) Lair:2 Zot: 552   Snake (0/4) Lair:2      Ossuary (visited)
  Slime: Lair:4-5       Orc: D:9-12

Altars:
Ashenzari
Cheibriados
Dithmenos
Elyvilon
Fedhas
Hepliaklqana
Kikubaaqudgha
Makhleb
Okawaru
Qazlal
Ru
Sif Muna
Trog
Uskayaw
Vehumet
Wu Jian
Xom
Yredelemnul
Zin

Shops:
D:1 :   D:5 *[*[(


Innate Abilities, Weirdness & Mutations

You are a hulking beast.
Your limbs bulge with bestial killing power. (Slay +6)
You passively map the area around you.
You are easily found by Zot.
You glow in the dark.
You regain HP and MP as you explore.


Message History

The skyshark is moderately wounded.
The merfolk hits you from afar with a +0 trident!!
* * * LOW HITPOINT WARNING * * *
The skyshark bites you!
* * * LOW HITPOINT WARNING * * *
The skyshark tastes blood and grows stronger!
The skyshark misses you.
The skyshark tail-slaps you but does no damage.
Okay, then.
As you read the scroll of fear, it crumbles to dust.
You assume a fearsome visage.
The skyshark looks frightened!
The merfolk impaler looks frightened!
The merfolk looks frightened!
You enter the shallow water.
Moving in this stuff is going to be slow.
You see here a +0 leather armour.
There is a staircase back to the Lair here.
A faun comes into view. It is wielding a +0 spear.
The faun unwields a +0 spear.
The faun wields a +0 sling.
The faun shoots a sling bullet.
The sling bullet misses you.
The merfolk hits you from afar with a +0 trident!
* * * LOW HITPOINT WARNING * * *
The merfolk barely misses you.
You punch the merfolk!
The merfolk is moderately wounded.
The merfolk impaler hits you from afar with a +0 trident of venom!
* * * LOW HITPOINT WARNING * * *
You are poisoned.
You pummel the merfolk!!
The merfolk is almost dead.
You feel sick. The merfolk hits you with a +0 trident.
* * * LOW HITPOINT WARNING * * *
The merfolk impaler hits you from afar with a +0 trident of venom.
* * * LOW HITPOINT WARNING * * *
You completely miss the merfolk.
The merfolk is almost dead.
You feel sick.
The merfolk impaler hits you from afar with a +0 trident of venom!
* * * LOW HITPOINT WARNING * * *
The merfolk hits you with a +0 trident!!
You die...

~ ~~~~ #.~~~~~~~≈≈≈≈≈≈≈≈ ~
~ ~~~~.###..~~~~~≈≈≈≈≈≈≈≈≈
~ ~
.~......~.~..~~~~~~~≈≈≈≈~
~..#..#..~~~~~~~~~~~~≈≈≈ ~
~ ~ .#..#..~..~~~~~~~~~~≈≈
m......~..#..~~...~~~~≈
~..m$..~.###.......~~~~≈
>.....#.≈c.##m[......~~~≈~~
~ ...?######.m.h...###.~~~≈
.## ##......# ~~~≈ ~
#......###.~~~≈~ ~ * **
**#.........~~~~≈ ~ **
*#.###.P.<...~~~≈ ~ ~
,,~,... #.P.~~..~~~≈ ~ ~
~~~~P~..>..~~~~~~~≈≈~ ~
P~~~~~)...~~≈≈≈≈≈≈≈ ~~ ~
~~~~~~~~~~~~≈≈≈≈≈≈≈ ~


You could see a merfolk impaler, a merfolk and a faun.

Vanquished Creatures
  2 hydras
  Josephine (Lair:3)
  A merfolk avatar (Lair:5)
  An alligator snapping turtle (Shoals:1)
  5 death yaks (Lair:1)
  A skyshark (Lair:5)
  A sea snake (Lair:5)
  A harpy (Lair:5)
  2 manticores (Lair:5)
  3 black mambas (Lair:5)
  8 elephants
  A torpor snail (Lair:4)
  Maggie (D:7)
  5 cane toads
  3 rime drakes
  6 komodo dragons
  8 polar bears
  2 blink frogs (Lair:3)
  3 hornets
  5 wraiths
  8 wyverns
  A steam dragon (Lair:2)
  40 yaks
  A water elemental (Shoals:1)
  A basilisk (Lair:4)
  4 nagas (Lair:2)
  An acid dragon (D:9)
  13 water moccasins
  An orc warrior (D:10)
  An ice beast (D:5)
  4 black bears
  5 wolves (Lair:4)
  3 ogres
  6 centaurs
  A kobold brigand (D:9)
  10 bullfrogs
  5 scorpions
  6 killer bees (D:9)
  2 electric eels
  3 howler monkeys (D:9)
  2 jellies
  2 hounds
  4 orc priests
  A sleepcap (D:6)
  7 iguanas
  10 orc wizards
  8 mummies (Ossuary)
  4 adders
  A white imp (D:6)
  3 dart slugs
  27 orcs
  10 endoplasms
  2 giant cockroaches (D:3)
  5 goblins
  4 hobgoblins
  12 jackals
  7 kobolds
  2 quokkas
  5 ball pythons
  7 bats
  3 frilled lizards (D:2)
  A gnoll zombie (Ossuary)
  A hobgoblin zombie (Ossuary)
  3 kobold zombies (Ossuary)
  3 orc zombies (Ossuary)
  2 rats
312 creatures vanquished.

Notes
Turn   | Place    | Note
-------+----------+-------------------------------------------
     0 | D:1      | lunkers the Meteoran Shapeshifter began the quest for the
                  | Orb.
     0 | D:1      | Reached XP level 1. HP: 16/16 MP: 2/2
    39 | D:1      | Reached XP level 2. HP: 19/23 MP: 3/3
    71 | D:1      | Reached skill level 4 in Unarmed Combat
   102 | D:1      | Found Usio's Book Emporium.
   237 | D:1      | Found a faded altar of an unknown god.
   282 | D:2      | Reached XP level 3. HP: 24/28 MP: 4/4
   647 | D:2      | Reached XP level 4. HP: 30/35 MP: 5/5
   746 | D:2      | Reached skill level 5 in Unarmed Combat
   863 | D:3      | Found a radiant altar of Vehumet.
  1015 | D:3      | Reached XP level 5. HP: 40/40 MP: 6/6
  1122 | D:3      | Found a shadowy altar of Dithmenos.
  1215 | D:3      | Reached skill level 6 in Unarmed Combat
  1366 | D:4      | Identified the +0 cloak "Teurihoi" {rF- Regen+ Str+4}
  1428 | D:4      | Reached XP level 6. HP: 10/47 MP: 7/7
  1519 | D:5      | Entered Level 5 of the Dungeon
  1519 | D:5      | Noticed an ogre
  1519 | D:5      | Found Pasulairu's Armour Shop.
  1526 | D:5      | Killed an ogre
  1527 | D:5      | Reached skill level 7 in Unarmed Combat
  1527 | D:5      | Reached skill level 5 in Shapeshifting
  1583 | D:5      | Found a staircase to the Ecumenical Temple.
  1610 | Temple   | Entered the Ecumenical Temple
  1668 | Temple   | Became a worshipper of Warmaster Okawaru
  1726 | D:5      | Found a sand-covered staircase.
  1729 | D:5      | Found Cikoho's Assorted Antiques.
  1734 | Ossuary  | Entered an ossuary
  1765 | Ossuary  | Reached XP level 7. HP: 51/52 MP: 8/8
  1800 | Ossuary  | Reached skill level 1 in Invocations
  2102 | D:5      | Found Tyloxa's Armour Boutique.
  2123 | D:5      | Found Lewuijyo's Weapon Boutique.
  2222 | D:5      | Reached skill level 8 in Unarmed Combat
  2229 | D:5      | Reached XP level 8. HP: 36/59 MP: 10/10
  2273 | D:5      | Reached * piety under Okawaru
  2281 | D:5      | Identified the ring of the Mutiny {rPois rCorr Str+6 Int-4}
  2357 | D:5      | Reached skill level 9 in Unarmed Combat
  2536 | D:5      | Found Jaammun's General Store.
  2663 | D:6      | Gained mutation: You passively map the area around you.
                  | [Meteoran growth]
  2663 | D:6      | Reached XP level 9. HP: 64/64 MP: 13/13
  3069 | D:6      | Reached skill level 5 in Invocations
  3071 | D:6      | Reached skill level 10 in Unarmed Combat
  3173 | D:7      | Reached ** piety under Okawaru
  3183 | D:7      | Noticed Maggie
  3192 | D:7      | Killed Maggie
  3211 | D:7      | Reached skill level 11 in Unarmed Combat
  3569 | D:8      | Noticed a hornet
  3579 | D:8      | Killed a hornet
  3579 | D:8      | Reached *** piety under Okawaru
  3580 | D:8      | Reached XP level 10. HP: 41/71 MP: 16/16
  3925 | D:8      | Paralysed by a hornet for 1 turns
  4071 | D:9      | Reached skill level 12 in Unarmed Combat
  4145 | D:9      | Found a sacrificial altar of Ru.
  4327 | D:9      | Reached skill level 5 in Dodging
  4398 | D:9      | Reached **** piety under Okawaru
  4400 | D:9      | Reached XP level 11. HP: 58/85 MP: 17/17
  4440 | D:10     | Entered Level 10 of the Dungeon
  4489 | D:10     | Reached skill level 5 in Fighting
  4574 | D:10     | Found a staircase to the Lair.
  4591 | D:10     | Reached skill level 13 in Unarmed Combat
  4601 | Lair:1   | Entered Level 1 of the Lair of Beasts
  4608 | Lair:1   | Reached ***** piety under Okawaru
  4616 | Lair:1   | Noticed a death yak
  4616 | Lair:1   | Noticed a death yak
  4617 | Lair:1   | Noticed a death yak
  4617 | Lair:1   | Noticed a death yak
  4618 | Lair:1   | Noticed a death yak
  4630 | Lair:1   | Killed a death yak
  4639 | Lair:1   | Killed a death yak
  4648 | Lair:1   | Killed a death yak
  4651 | Lair:1   | Killed a death yak
  4651 | Lair:1   | Received a gift from Okawaru
  4655 | Lair:1   | Killed a death yak
  4656 | Lair:1   | Reached XP level 12. HP: 22/100 MP: 18/18
  4732 | Lair:1   | Reached skill level 14 in Unarmed Combat
  4897 | Lair:2   | Identified the +2 pair of gloves "Iziytox" {Int+3} (Okawaru
                  | gifted it to you on level 2 of the Lair of Beasts)
  4897 | Lair:2   | Received a gift from Okawaru
  4993 | Lair:2   | Found a staircase to the Snake Pit.
  5186 | Lair:4   | Reached skill level 10 in Dodging
  5215 | Lair:3   | Reached skill level 15 in Unarmed Combat
  5236 | Lair:4   | Noticed Josephine
  5245 | Lair:3   | Killed Josephine
  5249 | Lair:3   | Reached XP level 13. HP: 72/111 MP: 17/19
  5372 | Lair:5   | Entered Level 5 of the Lair of Beasts
  5404 | Lair:5   | Reached skill level 10 in Fighting
  5424 | Lair:5   | Identified the +1 glaive "Inlaum" {heavy, *Corrode Str+7}
                  | (Okawaru gifted it to you on level 5 of the Lair of Beasts)
  5424 | Lair:5   | Received a gift from Okawaru
  5512 | Lair:5   | Noticed a four-headed hydra
  5522 | Lair:5   | Reached skill level 16 in Unarmed Combat
  5528 | Lair:5   | Killed a four-headed hydra
  5555 | Lair:5   | Noticed a merfolk avatar
  5570 | Lair:5   | Killed a merfolk avatar
  5570 | Lair:5   | Received a gift from Okawaru
  5632 | Lair:5   | HP: 3/116 [rime drake (3)]
  5636 | Lair:5   | Reached XP level 14. HP: 20/124 MP: 20/20
  6173 | Lair:2   | Found a staircase to the Shoals.
  6183 | Lair:2   | Received a gift from Okawaru
  6214 | Shoals:1 | Entered Level 1 of the Shoals
  6240 | Shoals:1 | Noticed a merfolk impaler
  6264 | Shoals:1 | Mangled by a merfolk

Illustrated notes

Levels and vault maps discovered:
D:1:      saegor_arrival_miasma, layout_rooms,
          dreamdust_ecumenical_altar_angels_and_demons, serial_shops,
          nicolae_shop_waterfront
D:2:      layout_loops_ring, minmay_misc_feat_tower, mrwooster_statue_mirror,
          minmay_3d_cube
D:3:      layout_loops_ring, nicolae_dithmenos_through_a_glass_darkly,
          mainiacjoe_overflow_surrounded_room, gup_sewer_entry_spiral,
          minmay_tree_intersection, uniq_sigmund
D:4:      layout_cave_pools, grunt_tough_drop, uniq_blork_the_orc
D:5:      minmay_octagon_keep, layout_loops_ring,
          minmay_temple_entry_mini_moons, serial_shops, shop, shop_fountains,
          nicolae_shop_tiny_real_fake_doors, shop, shop, enter_ossuary_1,
          moated_statue
D:6:      layout_gridville, grunt_temple_overflow_opulence
D:7:      layout_basic, uniq_maggie
D:8:      layout_loops_cross, nicolae_tso_swordbearing_angel,
          kennysheep_another_room
D:9:      layout_small_grid, nicolae_ru_the_path_less_chosen
D:10:     layout_gridville, due_lair_maze_entry_diamond, uniq_erica
Temple:   regret_index_temple_sphere_string
Lair:1:   layout_roguey, serial_bayou_shore_b, infiniplex_staircase_pool
Lair:2:   layout_gridlike, minmay_shoals_entry_centaurs,
          minmay_snake_entry_guardpost_small, nzn_sisyphean_effort, uniq_fannar
Lair:3:   layout_loops_ring, serial_bayou_shore_a, grunt_megastairs_3
Lair:4:   layout_cave_pods, grunt_megastairs_2, lemuel_fruit_fields,
          uniq_josephine
Lair:5:   gammafunk_lair_ancient_temple, layout_concentric_octagons,
          slime_entry_2, cheibrodos_lair_lostbears
Shoals:1: layout_shoals, serial_shops, shop_fountains, gammafunk_ghost_grave,
          lightli_airlock

Skill      XL: |  1  2  3  4  5  6  7  8  9 10 11 12 13 14 |
---------------+-------------------------------------------+-----
Unarmed Combat | 4 5 6 7 8 9 11 12 13 15 16 | 16.8
Shapeshifting  | 4 5 6 7 8 9 |  9.0
Invocations    | 2 4 6 7 9 |  9.0
Fighting       | 4 7 9 11 | 11.8
Dodging        | 5 8 10 12 | 12.9

Action                     |  1- 3 |  4- 6 |  7- 9 | 10-12 | 13-15 || total
---------------------------+-------+-------+-------+-------+-------++-------
  Melee: Unarmed           |    60 |   139 |   192 |   299 |   275 ||   965
         Punch             |     3 |     5 |    13 |    27 |    45 ||    93
 Invoke: Heroism           |       |       |     1 |    11 |     7 ||    19
  Evoke: Wand              |       |       |       |     2 |     2 ||     4
    Use: Scroll            |       |     2 |    12 |     4 |     4 ||    22
         Potion            |       |       |       |     3 |     3 ||     6
   Stab: Paralysed         |       |       |       |       |     2 ||     2
         Distracted        |       |       |       |       |     1 ||     1
 Armour: Animal skin       |    10 |       |       |       |       ||    10
         Ring mail         |       |    53 |    43 |     5 |       ||   101
         Acid dragon scale |       |       |       |    41 |    59 ||   100
         Skin              |       |       |       |    18 |       ||    18
  Dodge: Dodged            |    27 |    50 |    65 |   139 |   294 ||   575
  Block: Other             |     2 |    32 |    28 |    53 |    83 ||   198
         Reflection        |       |     1 |       |     1 |     4 ||     6

Table legend: (Time is in decaauts)
 A = Elapsed time spent in this place.
 B = Non-inter-level travel time spent in this place.
 C = Inter-level travel time spent in this place.
 D = Time resting spent in this place.
 E = Time spent auto-exploring this place.
 F = Levels seen in this place.
 G = Mean time per level.
                   A        B        C        D        E       F      G
               +--------+--------+--------+--------+--------+-----+--------+
         Total |   6086 |   5870 |    216 |     50 |   3273 |  18 |  338.1 |
       Dungeon |   4212 |   4025 |    187 |     23 |   2805 |  10 |  421.2 |
        Temple |     80 |     80 |      0 |      0 |      0 |   1 |   80.0 |
          Lair |   1532 |   1504 |     28 |     27 |    373 |   5 |  306.4 |
        Shoals |     46 |     46 |      0 |      0 |      1 |   1 |   46.0 |
       Ossuary |    214 |    214 |      0 |      0 |     94 |   1 |  214.0 |
               +--------+--------+--------+--------+--------+-----+--------+

Top non-repeatable levels by time:
     D:5: 773 daAuts
  Lair:3: 581 daAuts
     D:3: 524 daAuts
     D:6: 519 daAuts
     D:2: 506 daAuts
     D:8: 474 daAuts
     D:7: 408 daAuts
     D:9: 390 daAuts
  Lair:5: 324 daAuts
     D:1: 273 daAuts
  Lair:1: 259 daAuts
  Lair:2: 221 daAuts
 Ossuary: 214 daAuts
     D:4: 198 daAuts
  Lair:4: 145 daAuts
